 Dungeon Crawl Stone Soup version 0.31-a0-868-g674d60d6f7 (webtiles) character file.

Game seed: 7579497600668892962

60 LeprechaunX the Changeling (level 4, 0/29 HPs)
             Began as an Octopode Shapeshifter on Oct 12, 2023.
             Slain by Grinder (7 damage)
             ... while paralysed by Grinder
             ... on level 3 of the Dungeon.
             The game lasted 00:01:04 (1309 turns).

LeprechaunX the Changeling (Octopode Shapeshifter)  Turns: 1309, Time: 00:01:05

Health: 0/29       AC:  1    Str: 15    XL:     4   Next: 6%
Magic:  4/4        EV:  2    Int: 12    God:
Gold:   127        SH:  0    Dex: 11    Spells: 3/3 levels left

rFire   . .          .
                       - Unarmed
rCold   . . .        (no shield)
rNeg    . . .        (helmet currently unavailable)
rPois   .            (no amulet)
rElec   .            (no ring)
rCorr   .            (no ring)
SInv    .            (no ring)
Will    .....        (no ring)
Stlth   ++           (no ring)
HPRegen 0.24/turn    (no ring)
MPRegen 0.09/turn    (no ring)
                     (no ring)

%: no passive effects
@: paralysed, beast-form
A: beast (slay +2), almost no armour, amphibious, 8 rings, camouflage 1,
gelatinous body 1, (nimble swimmer 1), tentacles
a: Begin Untransformation


You were on level 3 of the Dungeon.
You were a hulking beast.
You visited 1 branch of the dungeon, and saw 3 of its levels.

You collected 127 gold pieces.

Inventory:

Talismans
 b - a beast talisman (active)
 c - a flux talisman
Scrolls
 d - a scroll of fog {unknown}
 h - a scroll of torment {unknown}
 i - a scroll of poison {unknown}
 k - a scroll of teleportation {unknown}
 m - a scroll of revelation {unknown}
 n - a scroll of fear {unknown}
 p - a scroll of immolation {unknown}
Potions
 a - 2 potions of lignification
 e - a potion of mutation {unknown}
 f - a potion of heal wounds {unknown}
 g - a potion of haste {unknown}
 j - a potion of curing {unknown}
 l - a potion of might {unknown}
 o - a potion of berserk rage {unknown}


   Skills:
 + Level 1.8 Fighting
 + Level 2.6 Dodging
 + Level 3.4 Unarmed Combat
 * Level 3.6 Shapeshifting


You had 3 spell levels left.
You didn't know any spells.
Your spell library contained the following spells:

 Spells                   Type           Power      Damage    Failure   Level
 Poisonous Vapours        Pois/Air       0%         N/A       45%         2
 Mephitic Cloud           Conj/Pois/Air  0%         N/A       69%         3
 Volatile Blastmotes      Fire/Tloc      0%         2d10      69%         3
 Fulminant Prism          Conj/Hex       0%         3d5       97%         4
 Iskenderun's Mystic Bla  Conj/Tloc      0%         2d3       97%         4
 Freezing Cloud           Conj/Ice/Air   0%         6-21      100%        5


Dungeon Overview and Level Annotations

Branches:
Dungeon (3/15)

Altars:

Annotations:
D:3 Grinder


Innate Abilities, Weirdness & Mutations

You are a hulking beast.
Your limbs bulge with bestial killing power. (Slay +2)
You cannot wear most types of armour.
You are amphibious.
You can wear up to eight rings at the same time.
Your skin changes colour to match your surroundings (Stealth+).
Your rubbery body absorbs attacks. (AC +1, EV +1)
((You are camouflaged when in or above water. (Stealth+)))
You have tentacles for arms and can constrict up to eight enemies at once.


Message History

Done exploring.
Done exploring.
Done exploring.
Search for what [Enter for "."]? .
There is a stone staircase leading down here.
You climb downwards.
Found a jewelled silver wand and a scroll labelled XERPHI NUVACRE TUSH.
There is a stone staircase leading up here.
An adder comes into view.
An adder is nearby!
An adder is nearby!
You see here a scroll labelled XERPHI NUVACRE TUSH.
The helpless adder fails to defend itself.
You tentacle-slap the adder. You grab the adder.
The adder is heavily wounded.
You constrict the adder. The adder barely misses you.
You tentacle-slap the adder.
You kill the adder!
You have reached level 4!
p - a scroll labelled XERPHI NUVACRE TUSH
There is a stone staircase leading up here.
Grinder comes into view.
Grinder is nearby!
Grinder is nearby!
Grinder shouts!
You barely miss Grinder. Your grab misses Grinder. You squeeze Grinder.
Grinder is lightly wounded.
Grinder hits you!
You writhe in agony.
You tentacle-slap Grinder. You grab Grinder.
Grinder is lightly wounded.
You constrict Grinder. Grinder gestures at you.
You suddenly lose the ability to move!
You lose your grip on Grinder.
Grinder hits you!
You writhe in agony.
* * * LOW HITPOINT WARNING * * *
Grinder gestures at you.
You shrug off the repeated paralysis!
Grinder hits you!
You die...
Grinder says, "Now the real fun starts!"

##### ....
...# ...#
### ...#
#.# ...#
#.#####5..#
#.....h...#
#<#####.###
#.# .#
#.#####+##
#.#.......
#.#.......
#.........
#.......#
#.......#


You could see Grinder.

Vanquished Creatures
  3 adders
  3 bats
  3 endoplasms
  A giant cockroach (D:1)
  6 hobgoblins
  5 kobolds
  A quokka (D:2)
  3 ball pythons (D:1)
  A frilled lizard (D:1)
  3 goblins
  4 rats
33 creatures vanquished.

Notes
Turn   | Place    | Note
-------+----------+-------------------------------------------
     0 | D:1      | LeprechaunX the Octopode Shapeshifter began the quest for
                  | the Orb.
     0 | D:1      | Reached XP level 1. HP: 13/13 MP: 1/1
   220 | D:1      | Reached XP level 2. HP: 18/18 MP: 2/2
   866 | D:2      | Reached XP level 3. HP: 19/23 MP: 3/3
  1290 | D:3      | Reached XP level 4. HP: 29/29 MP: 4/4
  1303 | D:3      | Noticed Grinder
  1306 | D:3      | Paralysed by Grinder for 4 turns
  1309 | D:3      | Slain by Grinder

Illustrated notes

Levels and vault maps discovered:
D:1:      dpeg_arrival_simpleton_b, layout_loops_corners
D:2:      layout_rooms
D:3:      layout_basic, mainiacjoe_overflow_small_starburst,
          kennysheep_slug_shrine, uniq_robin, uniq_grinder, uniq_jessica

Action                     |  1- 3 |  4- 6 || total
---------------------------+-------+-------++-------
  Melee: Unarmed           |    63 |     2 ||    65
         Constrict         |    15 |     1 ||    16
         Tentacles         |     9 |     1 ||    10
   Stab: Sleeping          |     9 |       ||     9
 Armour: Skin              |    19 |     3 ||    22
  Dodge: Dodged            |    48 |       ||    48

Table legend: (Time is in decaauts)
 A = Elapsed time spent in this place.
 B = Non-inter-level travel time spent in this place.
 C = Inter-level travel time spent in this place.
 D = Time resting spent in this place.
 E = Time spent auto-exploring this place.
 F = Levels seen in this place.
 G = Mean time per level.
                   A        B        C        D        E       F      G
               +--------+--------+--------+--------+--------+-----+--------+
         Total |   1304 |   1261 |     43 |      0 |   1059 |   3 |  434.7 |
       Dungeon |   1304 |   1261 |     43 |      0 |   1059 |   3 |  434.7 |
               +--------+--------+--------+--------+--------+-----+--------+

Top non-repeatable levels by time:
     D:1: 829 daAuts
     D:2: 446 daAuts
     D:3: 29 daAuts
